 Dungeon Crawl Stone Soup version 0.23.2-1-ga50397a (webtiles) character file.

Game seed: 992263587525328070

17 whitewolfNL the Ruffian (level 2, -1/29 HPs)
             Began as a Troll Berserker on Apr 30, 2019.
             Was a Follower of Trog.
             Slain by a gnoll (2 damage)
             ... on level 2 of the Dungeon.
             The game lasted 00:03:46 (764 turns).

whitewolfNL the Ruffian (Troll Berserker)            Turns: 764, Time: 00:03:47

Health: -1/29      AC:  6    Str: 24    XL:     2   Next: 44%
Magic:  1/1        EV: 10    Int:  3    God:    Trog [*.....]
Gold:   34         SH:  0    Dex:  9    Spells: 1/1 levels left

rFire    . . .     SeeInvis +   d - +1 mace (crush)
rCold    . . .     Gourm    +   (no shield)
rNeg     . . .     Faith    .   a - +0 animal skin
rPois    .         Spirit   .   (helmet restricted)
rElec    .         Reflect  .   (no cloak)
rCorr    .         Harm     .   (gloves unavailable)
MR       .....                  (boots unavailable)
Stlth    ..........             (no amulet)
HPRegen  0.49/turn              e - ring of see invisible
MPRegen  0.07/turn              h - ring of attention (curse)

@: berserk cooldown, slowed, very slow
A: large, unfitting armour, claws 3, fast metabolism 3, gourmand, regeneration
1, shaggy fur 1, tough skin 3
a: Berserk, Renounce Religion


You were on level 2 of the Dungeon.
You worshipped Trog.
Trog was aware of your devotion.
You were very full.

You visited 1 branch of the dungeon, and saw 2 of its levels.

You collected 34 gold pieces.

Inventory:

Hand Weapons
 d - a +1 mace of crushing (weapon)
 k - a +0 short sword of venom
Armour
 a - a +0 animal skin (worn)
Jewellery
 e - a ring of see invisible (left claw)
 h - a cursed ring of attention (right claw)
Scrolls
 f - a scroll of identify {unknown}
Potions
 c - a potion of curing {unknown}
 i - a potion of heal wounds {unknown}
 j - a potion of lignification {unknown}
Comestibles
 b - 3 rations
 g - a chunk of flesh


   Skills:
 * Level 2.5 Fighting
 * Level 0.4 Maces & Flails
 * Level 2.6 Dodging
 * Level 0.2 Stealth
 * Level 3.2 Unarmed Combat


You had one spell level left.
You didn't know any spells.
Your spell library was empty.

Dungeon Overview and Level Annotations

Branches:
Dungeon (2/15)

Altars:


Innate Abilities, Weirdness & Mutations

You are too large for most types of armour.
You have claws for hands.
Your metabolism is lightning-fast.
You like to eat raw meat.
Your natural rate of healing is unusually fast.
You are covered in fur. (AC +1)
You have extremely tough skin. (AC +3)


Message History

The gnoll hits you but does no damage. The gnoll hits you!
The gnoll hits you with a +0 whip! The gnoll barely misses you.
You barely miss the gnoll. The gnoll misses you. The gnoll barely misses you.
The gnoll misses you. The gnoll hits you but does no damage.
The gnoll barely misses you. The gnoll closely misses you.
The gnoll hits you from afar with a +0 spear. x2
* * * LOW HITPOINT WARNING * * *
You closely miss the gnoll. The gnoll hits you but does no damage.
The gnoll hits you with a +0 whip.
* * * LOW HITPOINT WARNING * * *
The gnoll barely misses you. The gnoll hits you but does no damage.
The gnoll barely misses you. The gnoll hits you with a +0 whip.
* * * LOW HITPOINT WARNING * * *
The gnoll barely misses you. x2
You sock the gnoll!
The gnoll is severely wounded.
The gnoll hits you but does no damage. The gnoll hits you with a +0 whip.
* * * LOW HITPOINT WARNING * * *
The gnoll barely misses you. The gnoll closely misses you. The gnoll hits you.
You die...

..
.!#########
#.........#
#......)..#
..........#
..........#
.%........#
.<...gg@<.#
.....gg...#
^.........#
.<........#
≈.........#
.###.######
#. ..


You could see 4 gnolls.

Vanquished Creatures
  2 dart slugs (D:1)
  A giant cockroach (D:1)
  3 goblins (D:1)
  3 bats
  2 frilled lizards (D:1)
  2 kobolds (D:1)
  3 rats (D:1)
16 creatures vanquished.

Notes
Turn   | Place    | Note
-------+----------+-------------------------------------------
     0 | D:1      | whitewolfNL the Troll Berserker began the quest for the
                  | Orb.
     0 | D:1      | Reached XP level 1. HP: 22/22 MP: 0/0
   219 | D:1      | Reached XP level 2. HP: 28/29 MP: 1/1
   763 | D:2      | HP: 1/29 [gnoll/+0 whip (3)]
   764 | D:2      | Slain by a gnoll

Action                   || total
-------------------------++-------
Melee: Mace              ||    45
       Unarmed           ||    10
Invok: Berserk           ||     1
  Eat: Chunk             ||    12
Armor: Animal skin       ||    31
Dodge: Dodged            ||    57
